AoeStats
← 月がきれいですね

Arena

510317247Analyzed
4v4 RM · 3d ago on Sep 30, 2026· 53m 10s· 8 players
Game mode
Random Map
Map size
Large (8 player)
Population
200
Speed
Normal
Resources
Standard
Victory
Conquest
Starting age
Dark Age
Ending age
Imperial Age
RankedLock teamsTeams togetherTeam positionsShared explorationLock speedFull tech treeHidden civsTurbo modeCheats
Victory
Defeat
🇹🇼 Saxons · Taiwan
1047
+14
🇹🇼 Portuguese · Taiwan
995
+16
🇹🇼 Danes · Taiwan
983
+17
🇹🇼 Turks · Taiwan
975
+17
🇨🇳 Portuguese · China
1023
-16
1017
-17
🇨🇴 Persians · Colombia
999
-16
🇪🇸 Huns · Spain
975
-15
LiuDi
11:43 Feudal Age
16:24 Castle Age
14:27 Double-Bit Axe
15:08 Horse Collar
18:55 Wheelbarrow
18:17 Loom
22:19 Hand Cart
22:39 Bow Saw
22:46 Heavy Plow
29:22 Imperial Age
27:45 Forging
27:41 Scale Barding Armor
29:24 Iron Casting
31:10 Chain Barding Armor
31:51 Blast Furnace
30:44 Gold Mining
31:37 Cavalier
32:19 Husbandry
32:38 Bloodlines
33:10 Plate Barding Armor
34:09 Crop Rotation
34:41 Two-Man Saw
37:14 Fletching
38:26 Chemistry
37:07 Treadmill Crane
44:51 Scale Mail Armor
44:51 Padded Archer Armor
44:51 Murder Holes
45:06 Fortified Wall
44:48 Guard Tower
45:19 Ballistics
45:20 Bombard Tower
45:15 Masonry
44:58 Stone Mining
44:39 Pikeman
44:39 Man-at-Arms
45:05 Gambesons
48:59 Fervor
48:51 Atonement
48:24 Long Swordsman
48:29 Crossbowman
48:30 Elite Skirmisher
49:15 Thumb Ring
48:59 Arson
49:55 Stone Shaft Mining
50:35 Siege Engineers
51:04 Architecture
50:41 Siphons
50:28 Heated Shot
51:00 Bombard Tower
51:17 Keep
50:54 Clinker Construction
50:54 Careening
50:12 Two-Handed Swordsman
50:17 Arbalester
51:15 Guilds
拉豬武士
12:05 Feudal Age
16:56 Castle Age
15:55 Double-Bit Axe
15:54 Horse Collar
16:07 Gold Mining
22:11 Imperial Age
23:58 Gold Shaft Mining
35:14 Wheelbarrow
40:13 Padded Archer Armor
43:30 Leather Archer Armor
43:23 Scale Barding Armor
43:29 Forging
44:58 Heavy Plow
45:17 Hand Cart
45:17 Bow Saw
52:54 Bloodlines
52:44 Husbandry
WilliamWei
7:36 Loom
10:05 Feudal Age
14:12 Castle Age
12:23 Double-Bit Axe
12:28 Horse Collar
15:35 Bow Saw
15:47 Heavy Plow
20:07 Gold Mining
22:21 Wheelbarrow
24:50 Hand Cart
28:56 Imperial Age
27:19 Ballistics
27:10 Fortified Wall
26:54 Fletching
26:35 Pikeman
26:52 Crossbowman
28:31 Thumb Ring
28:28 Scale Mail Armor
28:39 Forging
28:27 Bodkin Arrow
28:52 Squires
29:07 Forging
29:26 Chain Mail Armor
29:17 Arbalester
31:23 Chemistry
31:06 Siege Engineers
31:56 Bracer
31:56 Padded Archer Armor
32:27 Plate Mail Armor
31:47 Halberdier
34:45 Conscription
33:46 Shield Wall
35:18 Iron Casting
34:59 Leather Archer Armor
40:48 Two-Man Saw
44:40 Masonry
44:10 Treadmill Crane
43:58 Elite Skirmisher
45:17 Arson
44:54 Elite Varangian Guard
46:07 Ring Archer Armor
49:06 Capped Ram
52:33 Siege Ram
羊咩
10:34 Feudal Age
12:43 Double-Bit Axe
15:20 Castle Age
13:54 Horse Collar
16:28 Bow Saw
19:05 Heavy Plow
23:20 Wheelbarrow
25:06 Loom
25:05 Pikeman
25:47 Squires
26:12 Hand Cart
26:56 Fletching
27:08 Scale Mail Armor
28:39 Arson
29:20 Gold Mining
29:23 Stone Mining
29:48 Forging
29:55 Chain Mail Armor
29:35 Bodkin Arrow
32:45 Imperial Age
33:44 Ballistics
35:50 Chemistry
34:15 Halberdier
36:32 Conscription
35:34 Hamask
39:51 Iron Casting
39:27 Elite Jomsviking
50:35 Elite Varangian Guard
Ubric21
11:19 Feudal Age
15:25 Castle Age
13:35 Horse Collar
14:11 Double-Bit Axe
16:34 Heavy Plow
20:45 Bow Saw
23:00 Wheelbarrow
22:47 Fervor
23:57 Loom
24:56 Hand Cart
24:53 Gold Mining
24:53 Stone Mining
25:18 Town Watch
26:43 Forging
26:39 Scale Barding Armor
28:17 Gold Shaft Mining
30:24 Imperial Age
28:42 Chain Barding Armor
28:15 Fletching
29:37 Iron Casting
29:04 Fletching
29:17 Padded Archer Armor
30:04 Ballistics
31:21 Guilds
32:16 Chemistry
31:33 Leather Archer Armor
31:14 Bodkin Arrow
31:57 Plate Barding Armor
33:52 Two-Man Saw
33:09 Masonry
33:04 Bracer
34:04 Blast Furnace
32:30 Heavy Cavalry Archer
34:03 Parthian Tactics
33:15 Light Cavalry
34:06 Bloodlines
33:56 Husbandry
34:08 Thumb Ring
33:54 Hussar
38:01 Conscription
40:14 Atheism
44:27 Elite Skirmisher
51:14 Cavalier
cj23cajoga
10:57 Feudal Age
16:16 Castle Age
14:35 Horse Collar
14:41 Double-Bit Axe
19:03 Forging
19:09 Loom
21:13 Town Watch
24:06 Wheelbarrow
23:36 Heavy Plow
23:51 Bow Saw
23:41 Stone Mining
27:03 Hand Cart
26:49 Town Patrol
27:05 Hand Cart
31:24 Imperial Age
29:55 Scale Barding Armor
30:25 Iron Casting
29:57 Husbandry
30:07 Bloodlines
31:13 Devotion
31:37 Chain Barding Armor
31:28 Elite War Elephant
32:30 Conscription
34:04 Blast Furnace
33:00 Crossbowman
35:22 Plate Barding Armor
35:15 Thumb Ring
36:13 Kamandaran
39:41 Murder Holes
39:57 Masonry
月がきれいですね
11:09 Feudal Age
15:16 Castle Age
13:33 Double-Bit Axe
13:30 Horse Collar
16:34 Bow Saw
16:30 Heavy Plow
19:52 Wheelbarrow
23:32 Gold Mining
24:14 Hand Cart
24:04 Loom
25:31 Stone Mining
27:07 Gold Shaft Mining
27:09 Stone Shaft Mining
31:06 Imperial Age
29:24 Forging
29:20 Scale Barding Armor
29:24 Town Watch
30:32 Iron Casting
30:25 Husbandry
30:35 Bloodlines
30:52 Chain Barding Armor
31:35 Masonry
32:58 Crop Rotation
33:00 Conscription
32:06 Cavalier
33:28 Plate Barding Armor
35:31 Chemistry
34:54 Ballistics
36:05 Blast Furnace
34:56 Fletching
35:05 Murder Holes
35:50 Hoardings
35:22 Hauberk
37:02 First Crusade
36:55 Squires
36:41 Gambesons
37:00 Scale Mail Armor
36:56 Bodkin Arrow
37:02 Light Cavalry
37:27 Elite Serjeant
38:29 Chain Mail Armor
38:04 Arson
39:05 Siege Engineers
39:22 Ballistics
40:54 Plate Mail Armor
40:24 Bracer
39:48 Pikeman
39:52 Capped Ram
40:52 Siege Ram
41:13 Halberdier
44:00 Onager
46:07 Siege Onager
忒瑞
9:43 Feudal Age
14:42 Castle Age
14:23 Double-Bit Axe
15:48 Bow Saw
16:38 Loom
20:21 Horse Collar
24:06 Fortified Wall
24:05 Stone Mining
24:06 Gold Mining
26:19 Masonry
30:21 Imperial Age
29:18 Fletching
31:41 Town Watch
32:34 Wheelbarrow
32:20 Town Patrol
33:41 Hand Cart
38:52 Treadmill Crane
39:34 Ballistics
43:01 Coinage
43:22 Pikeman
44:00 Halberdier
46:01 Two-Man Saw
45:22 Bodkin Arrow
45:41 Forging
45:31 Scale Mail Armor
47:39 Iron Casting
47:19 Chain Mail Armor
Connection lost

Rejoining the realm…

Still unreachable

The connection could not be restored.

Session expired

The server has moved on; the page needs a fresh start.